[Event "Titled Tuesday Blitz October 11 Early 2022"]
[White "Valle Maytin, Luis Enrique"]
[Black "Melikhov, Evgeny V."]
[WhiteFideId "3503666"]
[BlackFideId "4122046"]
[WhiteElo "2225"]
[BlackElo "2169"]
[Result "1-0"]
[Round "03"]
[TimeControl "180+1"]
[Date "2022.10.12"]
[WhiteClock "0:01:01"]
[BlackClock "0:00:32"]

1. e4 c5 2. Nf3 d6 3. d4 cxd4 4. Nxd4 Nf6 5. Nc3 a6 6. Bg5 e6 7. f4 Nbd7 8. Bc4 Qc7 9. Bb3 Nc5 10. Qe2 Be7 11. O-O-O b5 12. e5 dxe5 13. fxe5 Nd5 14. Bxe7 Nxc3 15. bxc3 Qxe7 16. Nc6 Qg5+ 17. Kb2 O-O 18. h4 Qf4 19. Rd4 Qh6 20. g4 g6 21. g5 Qg7 22. h5 Re8 23. hxg6 hxg6 24. Rdh4 Bb7 25. Qh2 1-0


[Site "https://www.chess.com"]

[Event "Titled Tuesday Blitz October 11 Early 2022"]
[White "Veleshnja, Zino"]
[Black "Manon-og, Ramon Jr."]
[WhiteFideId "4701313"]
[BlackFideId "5200776"]
[WhiteElo "2167"]
[BlackElo "2228"]
[Result "0-1"]
[Round "03"]
[TimeControl "180+1"]
[Date "2022.10.12"]
[WhiteClock "0:00:07"]
[BlackClock "0:00:04"]

1. d4 Nf6 2. c4 g6 3. Nc3 d5 4. Nf3 Bg7 5. Bg5 Ne4 6. cxd5 Nxg5 7. Nxg5 e6 8. Qd2 h6 9. Nh3 exd5 10. Nf4 c6 11. g3 O-O 12. Bg2 Qb6 13. e3 Nd7 14. O-O Nf6 15. Na4 Qd8 16. Nc5 b6 17. Ncd3 Ne4 18. Qc2 Bb7 19. Ne5 c5 20. Rfd1 cxd4 21. exd4 Rc8 22. Qd3 Re8 23. h4 Bxe5 24. dxe5 Rxe5 25. Qd4 Qe7 26. Nd3 Rf5 27. Bh3 Rc4 28. Qe3 Rf6 29. Nf4 Rc2 30. Bg2 Rxb2 31. Nxd5 Bxd5 32. Rxd5 Re6 33. Qd4 Nf6 34. Qxb2 Nxd5 35. Bxd5 Re2 36. Re1 Rxe1+ 37. Kg2 Re2 38. Qc3 Qe5 39. Qc4 Kg7 40. Bf3 Rb2 41. h5 Qc5 42. Qf1 g5 43. Qe1 Rxa2 44. g4 b5 45. Kg3 b4 46. Bd1 Ra3+ 47. Kg2 b3 48. Qe2 Ra2 49. Qd3 Qxf2+ 0-1


[Site "https://www.chess.com"]

[Event "Titled Tuesday Blitz October 11 Early 2022"]
[White "Velikanov, Alexander"]
[Black "Makhnev, Denis"]
[WhiteFideId "2039290"]
[BlackFideId "13707647"]
[WhiteElo "2259"]
[BlackElo "2486"]
[Result "0-1"]
[Round "03"]
[TimeControl "180+1"]
[Date "2022.10.11"]
[WhiteClock "0:00:14"]
[BlackClock "0:00:43"]

1. e4 e5 2. Nf3 Nc6 3. Nc3 Nf6 4. h3 Bd6 5. Bc4 a6 6. d3 Bc5 7. a3 h6 8. Be3 d6 9. O-O O-O 10. d4 exd4 11. Nxd4 Ne5 12. Ba2 Re8 13. f4 Nc6 14. Qd3 Bxd4 15. Bxd4 Nxd4 16. Qxd4 Be6 17. Bb3 c5 18. Qd3 Bxb3 19. cxb3 Qb6 20. Qc4 Re6 21. Rae1 Rae8 22. Kh1 Qc6 23. f5 Re5 24. Rf4 d5 25. Qd3 d4 26. Nd1 Rxe4 27. Rfxe4 Rxe4 28. Rf1 b5 29. Nf2 Re3 30. Qd2 Nh5 31. Kg1 Nf4 32. Ng4 Re2 0-1


[Site "https://www.chess.com"]

[Event "Titled Tuesday Blitz October 11 Early 2022"]
[White "Vignesh, N R"]
[Black "Lehtosaari, Mauri"]
[WhiteFideId "25012215"]
[BlackFideId "501999"]
[WhiteElo "2386"]
[BlackElo "2502"]
[Result "1-0"]
[Round "03"]
[TimeControl "180+1"]
[Date "2022.10.12"]
[WhiteClock "0:01:49"]
[BlackClock "0:00:27"]

1. d4 d5 2. c4 c6 3. Nf3 Nf6 4. e3 Bg4 5. h3 Bxf3 6. Qxf3 e6 7. Nc3 Nbd7 8. Qd1 Bb4 9. Bd3 e5 10. cxd5 Nxd5 11. Bd2 exd4 12. exd4 Qe7+ 13. Be2 N7f6 14. O-O O-O 15. Re1 Qd6 16. a3 Ba5 17. Nxd5 Qxd5 18. Bf3 Qb5 19. Re5 Nd5 20. Bxa5 Qxa5 21. Qb3 Qd2 22. Rd1 Qf4 23. Qxb7 Rfc8 24. Bxd5 cxd5 25. Qxd5 Rd8 26. Qe4 Qf6 27. d5 g6 28. d6 Rab8 29. d7 Rxb2 30. Re8+ Kg7 31. Rxd8 Qxd8 32. Qd4+ 1-0


[Site "https://www.chess.com"]

[Event "Titled Tuesday Blitz October 11 Early 2022"]
[White "Villamayor, Buenaventura"]
[Black "Skliarov, Viktor"]
[WhiteFideId "5200393"]
[BlackFideId "14106736"]
[WhiteElo "2301"]
[BlackElo "2284"]
[Result "1-0"]
[Round "03"]
[TimeControl "180+1"]
[Date "2022.10.12"]
[WhiteClock "0:00:11"]
[BlackClock "0:00:05"]

1. e4 c5 2. c3 d6 3. d4 Nf6 4. Bd3 g6 5. Nf3 Bg7 6. O-O O-O 7. h3 a6 8. Qe2 Nc6 9. a3 b5 10. Bg5 c4 11. Bc2 e5 12. a4 Bb7 13. b3 exd4 14. cxd4 Nb4 15. bxc4 Nxc2 16. Qxc2 Bxe4 17. Qxe4 Nxe4 18. Bxd8 Rfxd8 19. axb5 axb5 20. Rxa8 Rxa8 21. cxb5 Rb8 22. Na3 Nc3 23. Re1 d5 24. Re3 Na4 25. Rb3 Nb6 26. Nc2 Bf8 27. Ne5 Ra8 28. g4 Ra2 29. Nb4 Rd2 30. Nbc6 f6 31. Nd3 Bd6 32. Nc5 Rc2 33. Nb7 Bf8 34. Re3 Rb2 35. Re8 Rxb5 36. Nbd8 Nd7 37. Kg2 Rb6 38. Ne7+ Kg7 39. Nxd5 Rd6 40. Nc7 Kh6 41. Nf7+ Kg7 42. Nxd6 Bxd6 43. Rd8 1-0


[Site "https://www.chess.com"]

[Event "Titled Tuesday Blitz October 11 Early 2022"]
[White "Weetik, Vjacheslav"]
[Black "Terry, Renato"]
[WhiteFideId "4153472"]
[BlackFideId "3803457"]
[WhiteElo "2469"]
[BlackElo "2577"]
[Result "0-1"]
[Round "03"]
[TimeControl "180+1"]
[Date "2022.10.11"]
[WhiteClock "0:00:04"]
[BlackClock "0:00:25"]

1. d4 e6 2. e4 d5 3. Nc3 Nf6 4. e5 Nfd7 5. Nce2 c5 6. c3 cxd4 7. cxd4 f6 8. Nf4 Bb4+ 9. Bd2 Qb6 10. exf6 Nxf6 11. Nf3 Bxd2+ 12. Qxd2 Ne4 13. Qc2 Qb4+ 14. Kd1 Nc6 15. Nd3 Qb6 16. Qb3 Qa5 17. Qa3 Qxa3 18. bxa3 Bd7 19. Rc1 O-O 20. Be2 Be8 21. h3 Bh5 22. g4 Bg6 23. Rh2 Rf6 24. Nde5 Raf8 25. Ke1 Be8 26. Nxc6 bxc6 27. Ne5 Nxf2 28. Kd2 Rf4 29. Bf3 Rxf3 30. Nxf3 Rxf3 31. Ke2 Rxa3 32. Rxf2 Rxa2+ 33. Ke3 Ra3+ 34. Kf4 Kf7 35. Rb1 Ke7 36. Re2 Rxh3 37. Rb7+ Bd7 38. Rxa7 h6 39. g5 Rh4+ 40. Ke3 Re4+ 41. Kd3 Rxe2 42. Kxe2 hxg5 43. Ke3 Kd6 44. Ra6 e5 45. Ra7 exd4+ 46. Kxd4 c5+ 47. Ke3 g6 48. Ra8 Ke5 49. Rd8 d4+ 50. Kd2 Be6 51. Re8 c4 52. Re7 g4 53. Ra7 g3 0-1


[Site "https://www.chess.com"]

[Event "Titled Tuesday Blitz October 11 Early 2022"]
[White "Wiegmann, Sascha"]
[Black "Rangel, Daniel"]
[WhiteFideId "4682041"]
[BlackFideId "2124475"]
[WhiteElo "2250"]
[BlackElo "2225"]
[Result "1-0"]
[Round "03"]
[TimeControl "180+1"]
[Date "2022.10.12"]
[WhiteClock "0:01:08"]
[BlackClock "0:01:33"]

1. Nf3 Nf6 2. g3 d5 3. Bg2 c6 4. O-O Bg4 5. d3 Nbd7 6. Nbd2 e6 7. c4 Be7 8. a3 O-O 9. b4 a5 10. b5 cxb5 11. cxb5 b6 12. Nd4 Bd6 13. Nc6 Qc7 14. Bb2 Rac8 15. Rc1 Qb7 16. Re1 Bh5 17. Qa4 Nc5 18. Qh4 Ncd7 19. e4 dxe4 20. Nxe4 Nxe4 21. Bxe4 Bg6 22. Bxg6 hxg6 23. Qd4 Nf6 24. Qxd6 Rc7 25. f3 Rd7 26. Qf4 Rxd3 27. Bxf6 gxf6 28. Qxf6 Rd7 29. Re4 Rd5 30. Rh4 Rh5 31. Rxh5 gxh5 32. Qg5+ Kh7 33. Qxh5+ Kg7 34. Qg5+ Kh7 35. Rc4 1-0


[Site "https://www.chess.com"]

[Event "Titled Tuesday Blitz October 11 Early 2022"]
[White "Winkels, Marcel"]
[Black "Ovezdurdyyeva, Jemal"]
[WhiteFideId "1003887"]
[BlackFideId "14001888"]
[WhiteElo "1900"]
[BlackElo "1961"]
[Result "0-1"]
[Round "03"]
[TimeControl "180+1"]
[Date "2022.10.12"]
[WhiteClock "0:00:52"]
[BlackClock "0:00:41"]

1. e4 d6 2. d4 Nf6 3. Nc3 g6 4. Bg5 Bg7 5. Qe2 c6 6. O-O-O Qa5 7. f4 d5 8. e5 Ne4 9. Nxe4 dxe4 10. Kb1 Be6 11. b3 f6 12. exf6 exf6 13. Qxe4 Kf7 14. Re1 Re8 15. Bc4 Qf5 16. Qxf5 gxf5 17. Bh4 Bxc4 18. Rxe8 Kxe8 19. bxc4 Nd7 20. Nf3 Nb6 21. Re1+ Kf7 22. Nd2 Bh6 23. Bg3 Bf8 24. Bf2 Bb4 25. Rd1 Bxd2 26. Rxd2 Nxc4 27. Rd3 Rg8 28. g3 Re8 29. Rc3 b5 30. a4 Re2 31. Rf3 Nd2+ 0-1


[Site "https://www.chess.com"]

[Event "Titled Tuesday Blitz October 11 Early 2022"]
[White "Winterberg, Lukas"]
[Black "Ali Abdullahi, Farah"]
[WhiteFideId "24622702"]
[BlackFideId "16100212"]
[WhiteElo "2349"]
[BlackElo "2305"]
[Result "1-0"]
[Round "03"]
[TimeControl "180+1"]
[Date "2022.10.12"]
[WhiteClock "0:00:20"]
[BlackClock "0:00:20"]

1. g3 Nf6 2. Bg2 d5 3. d3 e6 4. e4 Be7 5. Nd2 O-O 6. Ngf3 c5 7. O-O Nc6 8. Qe2 Re8 9. e5 Nd7 10. Re1 Bf8 11. Nf1 g6 12. h4 Bg7 13. Bf4 h5 14. c3 Rb8 15. N1h2 b5 16. g4 hxg4 17. Nxg4 b4 18. c4 Nd4 19. Nxd4 cxd4 20. cxd5 Qxh4 21. Bg3 Qh5 22. dxe6 Rxe6 23. Bd5 Nc5 24. Bxe6 Bxe6 25. Nf6+ Bxf6 26. exf6 Bg4 27. Qe5 Rd8 28. Qxh5 Bxh5 29. Re7 Nxd3 30. Kg2 Nxb2 31. Rb1 d3 32. Rxb2 d2 33. Rxd2 Rxd2 34. Rxa7 Bg4 35. Bf4 Rc2 36. Bh6 Be6 37. Bg7 g5 38. Ra8+ Kh7 39. Rb8 Rb2 40. Bf8 Kg6 41. Bxb4 Rxa2 42. Be7 Ra5 43. Rg8+ Kf5 44. Kg3 Ra4 45. Rb8 Rg4+ 46. Kh2 Rf4 47. Kg1 Kg4 48. Rb4 Bc4 49. Ra4 Rd4 50. Bc5 Rd1+ 51. Kh2 Rc1 52. Be3 Kf5 53. Bxc1 1-0


[Site "https://www.chess.com"]

[Event "Titled Tuesday Blitz October 11 Early 2022"]
[White "Xie, Bryan"]
[Black "Lamaze, Simon"]
[WhiteFideId "30941296"]
[BlackFideId "36069264"]
[WhiteElo "2033"]
[BlackElo "2272"]
[Result "0-1"]
[Round "03"]
[TimeControl "180+1"]
[Date "2022.10.12"]
[WhiteClock "0:00:01"]
[BlackClock "0:00:54"]

1. e4 c5 2. Nf3 Nc6 3. d4 cxd4 4. Nxd4 e5 5. Nb5 a6 6. N5c3 Nf6 7. Bg5 d6 8. Bxf6 Qxf6 9. Nd5 Qd8 10. Nbc3 Be6 11. Be2 Be7 12. O-O O-O 13. a4 Bg5 14. Qd3 Bh6 15. Rad1 Rc8 16. Rfe1 Nd4 17. Bf1 Bxd5 18. exd5 f5 19. g3 f4 20. Bg2 Rc7 21. Be4 g6 22. Bxg6 Rg7 23. Be4 fxg3 24. fxg3 Bf4 25. Rf1 Qh4 26. Kg2 Rf6 27. Ne2 Nxe2 28. Qxe2 Rh6 29. Rh1 Bxg3 30. Kf1 Rf6+ 31. Bf3 Qh3+ 32. Kg1 Bxh2+ 0-1


[Site "https://www.chess.com"]

[Event "Titled Tuesday Blitz October 11 Early 2022"]
[White "Yeletsky, Ivan"]
[Black "Fernandez De La Vara, Arnaldo"]
[WhiteFideId "24180327"]
[BlackFideId "3518388"]
[WhiteElo "2391"]
[BlackElo "2387"]
[Result "1-0"]
[Round "03"]
[TimeControl "180+1"]
[Date "2022.10.11"]
[WhiteClock "0:00:56"]
[BlackClock "0:00:01"]

1. Nf3 Nf6 2. g3 b6 3. Bg2 Bb7 4. d3 d5 5. O-O g6 6. b4 Bg7 7. Bb2 O-O 8. Nbd2 Nbd7 9. c4 c5 10. b5 d4 11. a4 Rb8 12. a5 h6 13. axb6 Qxb6 14. Qc2 a6 15. Rfb1 axb5 16. cxb5 Bd5 17. Nc4 Qc7 18. Ba3 Rb7 19. Rb2 Rfb8 20. Rab1 Ne8 21. Nfd2 Bxg2 22. Kxg2 Nd6 23. b6 Nxb6 24. Na5 Ra7 25. Qxc5 Qxc5 26. Bxc5 Rxa5 27. Bxb6 Raa8 28. Nf3 e5 29. Bc7 Rxb2 30. Rxb2 Ra6 31. Rb8+ Kh7 32. Rd8 Nb7 33. Rd7 f6 34. Bxe5 Nc5 35. Rd5 Nxd3 36. Bxd4 Nb4 37. Rd7 Kg8 38. Nh4 g5 39. Nf5 Bf8 40. h4 Re6 41. e3 1-0


[Site "https://www.chess.com"]

[Event "Titled Tuesday Blitz October 11 Early 2022"]
[White "Zaloznyy, Mike"]
[Black "Ferreira, Vitor Hugo Vieira"]
[WhiteFideId "2023075"]
[BlackFideId "2119765"]
[WhiteElo "2126"]
[BlackElo "2168"]
[Result "1/2-1/2"]
[Round "03"]
[TimeControl "180+1"]
[Date "2022.10.12"]
[WhiteClock "0:00:10"]
[BlackClock "0:00:15"]

1. Nf3 Nf6 2. g3 d5 3. Bg2 c6 4. b3 Bg4 5. Ne5 Bh5 6. Bb2 Nbd7 7. O-O e6 8. d3 Be7 9. Nd2 O-O 10. Ndf3 a5 11. c4 Qb6 12. Qc2 Rfd8 13. Rac1 a4 14. Bc3 axb3 15. axb3 Ba3 16. Ra1 Bb4 17. Bb2 Be7 18. Rxa8 Rxa8 19. Ra1 Rxa1+ 20. Bxa1 Nc5 21. Nd4 Bd6 22. Nef3 e5 23. Nf5 Bc7 24. Bxe5 Bxe5 25. Nxe5 Qxb3 26. Qxb3 Nxb3 27. e3 dxc4 28. Nxc4 Be2 29. Bf1 Bxf1 30. Kxf1 g6 31. Nfd6 b5 32. Ne5 Na5 33. g4 h6 34. h4 b4 35. g5 hxg5 36. hxg5 Nd5 37. Ndc4 b3 38. Ke2 Nxc4 39. Nxc4 Nc3+ 40. Kd2 Na4 41. Kc1 f6 42. gxf6 Kf7 43. Ne5+ Kxf6 44. Nxc6 Kg5 45. Nd4 Nc5 46. Kb2 Nxd3+ 47. Kxb3 Nxf2 48. Kc3 Kh4 49. Kd2 Kg3 50. Ne6 Ne4+ 51. Ke2 Nf6 52. Kd3 Nd5 53. Kd4 Ne7 54. e4 Kf3 55. e5 Kg4 56. Kc5 Kf5 57. Kd6 Nc8+ 58. Kd5 Nb6+ 59. Kd6 Nc4+ 60. Kd5 Nxe5 61. Ng7+ Kf6 62. Ne8+ Kf5 63. Ng7+ Kf4 64. Ne6+ Kf5 65. Ng7+ 1/2-1/2


[Site "https://www.chess.com"]

[Event "Titled Tuesday Blitz October 11 Early 2022"]
[White "Zemlyanskii, Ivan"]
[Black "Laohawirapap, Prin"]
[WhiteFideId "24249971"]
[BlackFideId "6205003"]
[WhiteElo "2107"]
[BlackElo "2113"]
[Result "1-0"]
[Round "03"]
[TimeControl "180+1"]
[Date "2022.10.11"]
[WhiteClock "0:01:19"]
[BlackClock "0:00:01"]

1. d4 Nf6 2. c4 g6 3. Nf3 Bg7 4. e3 O-O 5. Be2 c5 6. O-O cxd4 7. exd4 d5 8. Nc3 Nc6 9. h3 b6 10. Bg5 dxc4 11. Bxc4 Bb7 12. Re1 Qc7 13. Rc1 Rad8 14. Qe2 Qb8 15. Qe3 Nb4 16. Qxe7 Bxf3 17. Bxf6 Nc6 18. Qe3 Bxf6 19. Qxf3 Rd6 20. Ne4 Nxd4 21. Qf4 Nf5 22. g4 Be5 23. Qxe5 1-0


[Site "https://www.chess.com"]

[Event "Titled Tuesday Blitz October 11 Early 2022"]
[White "Zhao, Jun"]
[Black "Martin Carmona, Gaston Manuel"]
[WhiteFideId "8602522"]
[BlackFideId "22284567"]
[WhiteElo "2547"]
[BlackElo "2235"]
[Result "1-0"]
[Round "03"]
[TimeControl "180+1"]
[Date "2022.10.12"]
[WhiteClock "0:00:18"]
[BlackClock "0:00:03"]

1. e4 e5 2. Nf3 Nc6 3. Bb5 Nf6 4. d3 Bc5 5. Bxc6 dxc6 6. Qe2 Qe7 7. Nbd2 Bg4 8. h3 Bh5 9. Nf1 Nd7 10. Ng3 Bg6 11. h4 h5 12. Be3 f6 13. Nd2 Nf8 14. Nf5 Bxf5 15. exf5 O-O-O 16. O-O-O Bb6 17. Ne4 Nd7 18. Rh3 Qf7 19. Kb1 Rhe8 20. Rg3 Bxe3 21. Qxe3 Nb6 22. Rg6 Re7 23. g4 hxg4 24. Rg1 Kb8 25. R1xg4 a5 26. Qg3 Qd5 27. f3 Qb5 28. Rxg7 Rxg7 29. Rxg7 Na4 30. b3 Nc5 31. Rg8 Rxg8 32. Qxg8+ Ka7 33. Qc4 Nxe4 34. fxe4 Qb6 35. Kb2 Qg1 36. a4 Qg4 37. Qc5+ Kb8 38. Qf8+ Ka7 39. Qxf6 c5 40. Qxe5 Qxh4 41. Qxc5+ Kb8 42. Qxa5 Qh8+ 43. Qc3 Qf8 44. f6 Qf7 45. Qe5 Qd7 46. d4 1-0


[Site "https://www.chess.com"]

[Event "Titled Tuesday Blitz October 11 Early 2022"]
[White "Zhigalko, Sergei"]
[Black "Czernek, Tymon"]
[WhiteFideId "13502956"]
[BlackFideId "1199510"]
[WhiteElo "2662"]
[BlackElo "2240"]
[Result "1-0"]
[Round "03"]
[TimeControl "180+1"]
[Date "2022.10.12"]
[WhiteClock "0:00:10"]
[BlackClock "0:00:28"]

1. e4 c5 2. Nf3 d6 3. d4 cxd4 4. Qxd4 Nc6 5. Bb5 Bd7 6. Bxc6 Bxc6 7. Nc3 e5 8. Qd3 h6 9. Nd2 Nf6 10. Nc4 Be7 11. Ne3 O-O 12. Nf5 Re8 13. Bxh6 Nh5 14. Be3 Bf8 15. O-O-O Qa5 16. Qe2 Nf4 17. Qg4 Ng6 18. h4 Kh7 19. h5 Nf4 20. Nxd6 Bxd6 21. Rxd6 Rad8 22. Rxd8 Qxd8 23. Bxf4 exf4 24. Qxf4 Qe7 25. f3 b5 26. Nxb5 Bxb5 27. Qf5+ Kg8 28. Qxb5 Rd8 29. a3 Qe6 30. Kb1 Qd6 31. h6 Rb8 32. Qg5 g6 33. h7+ Kh8 34. e5 Qb6 35. Qf6+ Qxf6 36. exf6 Rb6 37. c4 Rxf6 38. c5 Rf4 39. Rc1 Rd4 40. c6 Rd8 41. b4 Rc8 42. Kb2 Kxh7 43. b5 Kg7 44. Kb3 Kf6 45. a4 Ke6 46. Rd1 Rh8 47. Kb4 f5 48. c7 Rc8 49. Rc1 Kd7 50. a5 Rxc7 51. Rxc7+ Kxc7 52. Kc5 g5 53. Kd5 g4 54. fxg4 fxg4 55. g3 Kd7 56. Ke5 Kc7 57. Kf5 Kd6 58. Kxg4 Kc5 59. b6 axb6 60. axb6 Kxb6 61. Kf5 Kc6 62. Kf6 Kd7 63. Kf7 Kd6 64. g4 Ke5 65. g5 Kf4 66. g6 1-0


[Site "https://www.chess.com"]

[Event "Titled Tuesday Blitz October 11 Early 2022"]
[White "Zierk, Steven"]
[Black "Korchmar, Vasiliy"]
[WhiteFideId "2034255"]
[BlackFideId "24131750"]
[WhiteElo "2494"]
[BlackElo "2370"]
[Result "1-0"]
[Round "03"]
[TimeControl "180+1"]
[Date "2022.10.12"]
[WhiteClock "0:00:10"]
[BlackClock "0:00:02"]

1. e4 c5 2. Nf3 d6 3. d4 cxd4 4. Nxd4 Nf6 5. Nc3 Nc6 6. Bg5 Bd7 7. Qd2 a6 8. f4 e6 9. Nf3 Be7 10. Bxf6 gxf6 11. O-O-O b5 12. Kb1 Qb6 13. f5 h5 14. g3 O-O-O 15. Bh3 b4 16. Ne2 e5 17. Qd5 Rhf8 18. Nd2 Na5 19. Nc4 Nxc4 20. Qxc4+ Kb8 21. Nc1 Bc6 22. Bf1 Qb7 23. Bg2 Rc8 24. Nb3 Qb6 25. Qe2 h4 26. g4 Rc7 27. Rhf1 Rfc8 28. Qf2 Kb7 29. Qxb6+ Kxb6 30. Rfe1 Bb5 31. Rc1 Bf8 32. Red1 Rc6 33. Bf1 Bh6 34. Bxb5 Kxb5 35. c4+ bxc3 36. Rxc3 Rxc3 37. bxc3 Rxc3 38. Rxd6 Rh3 39. Rxf6 Bg5 40. Rxf7 Rxh2 41. Rg7 Bf6 42. Rg6 Bd8 43. f6 Rf2 44. g5 h3 45. Rh6 h2 46. Nc1 Kc4 47. Rh3 Kd4 48. Nb3+ Kxe4 49. Nc5+ Kd5 50. Nd7 Rf1+ 51. Kc2 h1=Q 52. Rxh1 Rxh1 53. g6 Bxf6 54. Nxf6+ Ke6 55. g7 Rh2+ 56. Kd3 Rg2 57. g8=Q+ Rxg8 58. Nxg8 Kd5 59. Nf6+ Kc5 60. Kc3 Kb5 61. Nd7 Ka4 62. Kb2 Kb4 63. Nxe5 a5 64. a3+ 1-0


[Site "https://www.chess.com"]

[Event "Titled Tuesday Blitz October 11 Early 2022"]
[White "Zilleruelo Irizarry, Diego"]
[Black "Malyi, Viacheslav"]
[WhiteFideId "3101460"]
[BlackFideId "14123983"]
[WhiteElo "1998"]
[BlackElo "2291"]
[Result "0-1"]
[Round "03"]
[TimeControl "180+1"]
[Date "2022.10.12"]
[WhiteClock "0:00:16"]
[BlackClock "0:00:52"]

1. e4 e5 2. Nf3 Nc6 3. Bb5 a6 4. Ba4 Nf6 5. O-O b5 6. Bb3 Bc5 7. Nxe5 Nxe5 8. d4 Bxd4 9. Qxd4 d6 10. c3 O-O 11. f4 c5 12. Qd1 Ng6 13. Nd2 Bb7 14. Bc2 Re8 15. Qf3 Nh4 16. Qe2 Qe7 17. g3 Ng6 18. Re1 Rad8 19. a4 Qc7 20. axb5 axb5 21. Qxb5 Bc6 22. Qa5 Qb7 23. Qa7 Qc8 24. b4 Re7 25. Qa6 Bb7 26. Qa5 cxb4 27. Qxb4 Rde8 28. Ra7 Nd5 29. Qxd6 Qxc3 30. Ba4 Qd4+ 31. Kg2 Ndxf4+ 32. gxf4 Qxd6 0-1


[Site "https://www.chess.com"]

[Event "Titled Tuesday Blitz October 11 Early 2022"]
[White "Zou, Chen"]
[Black "Hansen, Eric"]
[WhiteFideId "8610959"]
[BlackFideId "2606771"]
[WhiteElo "2325"]
[BlackElo "2568"]
[Result "0-1"]
[Round "03"]
[TimeControl "180+1"]
[Date "2022.10.11"]
[WhiteClock "0:00:04"]
[BlackClock "0:00:10"]

1. d4 Nf6 2. c4 e6 3. Nf3 d5 4. Nc3 a6 5. cxd5 exd5 6. Bg5 Be6 7. e3 Nbd7 8. Bd3 h6 9. Bh4 Bd6 10. Bg3 Bxg3 11. hxg3 O-O 12. Rc1 c6 13. O-O Re8 14. Ne2 Bg4 15. Nh2 Bxe2 16. Qxe2 Ne4 17. Qc2 Ndf6 18. Rfe1 a5 19. Nf1 Qd6 20. Nd2 Nxf2 21. Kxf2 Ng4+ 22. Kf3 Nh2+ 23. Kf2 Ng4+ 24. Kf3 h5 25. Nf1 Qf6+ 26. Ke2 Qxd4 27. Qd2 Qf6 28. Kd1 Re5 29. Kc2 Rae8 30. Kb1 g6 31. Re2 a4 32. a3 Qe7 33. Rce1 Nf6 34. Qc3 c5 35. Bb5 Ra8 36. Qc2 c4 37. Bxa4 Ra5 38. Qd1 b5 39. Bc2 b4 40. axb4 Qxb4 41. Qd2 Qb6 42. Qc3 Re6 43. Nd2 Rb5 44. Kc1 Qa7 45. Rf1 Ng4 46. Rfe1 Reb6 47. Nb1 Rxb2 48. Qxb2 Rxb2 49. Kxb2 Qb8+ 50. Kc1 Qxg3 51. Nc3 Qe5 52. Kd2 d4 53. Nd1 d3 54. Bxd3 cxd3 55. Kxd3 Qd5+ 56. Kc2 Ne5 57. Nb2 Qe4+ 58. Kc3 h4 59. Rd1 Qc6+ 60. Kb3 Qb5+ 0-1


[Site "https://www.chess.com"]

[Event "Titled Tuesday Blitz October 11 Early 2022"]
[White "Aaditya Dhingra"]
[Black "Haukenfrers, Dale"]
[WhiteFideId "25678191"]
[BlackFideId "2603780"]
[WhiteElo "2054"]
[BlackElo "1967"]
[Result "1-0"]
[Round "04"]
[TimeControl "180+1"]
[Date "2022.10.12"]
[WhiteClock "0:00:02"]
[BlackClock "0:00:01"]

1. e4 c6 2. Nc3 d6 3. d4 Nf6 4. Nf3 g6 5. h3 Bg7 6. Be3 O-O 7. a4 e5 8. dxe5 dxe5 9. Qxd8 Rxd8 10. Bc4 Nbd7 11. O-O-O Re8 12. Ng5 Rf8 13. Rd2 h6 14. Nf3 Re8 15. Rhd1 Nf8 16. a5 b5 17. Bd3 Nh5 18. b4 Ne6 19. Kb2 Nhf4 20. Bf1 g5 21. g3 Ng6 22. Na2 Bf8 23. c3 Bg7 24. Nc1 Bf8 25. Nb3 Ng7 26. g4 Ne6 27. Ne1 Ngf4 28. Nd3 Nxd3+ 29. Bxd3 Nf4 30. Bf1 Be6 31. Nc5 Bxc5 32. Bxc5 a6 33. Bd6 Rac8 34. f3 Ng6 35. Be2 Kg7 36. Bc5 Kg8 37. Kc1 Kg7 38. Re1 Kg8 39. Bd1 Nf4 40. Rh1 Bc4 41. Be3 Ne6 42. Be2 Bxe2 43. Rxe2 c5 44. Kb2 cxb4 45. cxb4 Rc4 46. Kb3 Rd8 47. Rd2 Rxd2 48. Bxd2 Nd4+ 49. Ka3 Nxf3 50. Bc1 Rxe4 51. Rf1 Nd4 52. Rf6 Ne6 53. Bb2 Kg7 54. Rf5 f6 55. Rf3 Kg6 56. Rd3 Rc4 57. Rd6 Nf4 58. Rxa6 Nxh3 59. Bxe5 Rxg4 60. Rxf6+ Kh5 61. Rf7 1-0


[Site "https://www.chess.com"]

[Event "Titled Tuesday Blitz October 11 Early 2022"]
[White "Aggelis, Nikolaos"]
[Black "Velikanov, Alexander"]
[WhiteFideId "4213220"]
[BlackFideId "2039290"]
[WhiteElo "2187"]
[BlackElo "2259"]
[Result "0-1"]
[Round "04"]
[TimeControl "180+1"]
[Date "2022.10.12"]
[WhiteClock "0:00:55"]
[BlackClock "0:00:05"]

1. d4 d5 2. g3 c5 3. Nf3 cxd4 4. Bg2 Nf6 5. O-O g6 6. Nxd4 Bg7 7. Nc3 O-O 8. Nb3 e6 9. e4 dxe4 10. Nxe4 Nxe4 11. Bxe4 Qe7 12. c3 Rd8 13. Qf3 Nd7 14. Rd1 f5 15. Bc2 Re8 16. h4 e5 17. Bg5 Bf6 18. Qd5+ Kg7 19. Na5 Rb8 20. Ba4 Nb6 21. Qd6 Qxd6 22. Rxd6 Nxa4 23. Bxf6+ Kf7 24. Re1 e4 25. Bd4 Nxb2 26. Bxa7 Ra8 27. Bb6 Be6 28. Rb1 Nd3 29. Bd4 Rxa5 30. Rxb7+ Re7 31. Rdb6 Rxb7 32. Rxb7+ Ke8 33. Rxh7 Rxa2 34. Rg7 Ra1+ 35. Kh2 Ne1 36. f4 Nf3+ 37. Kg2 Ra2+ 38. Kf1 Bc4# 0-1


[Site "https://www.chess.com"]

[Event "Titled Tuesday Blitz October 11 Early 2022"]
[White "Aizpurua, Patrick Emilio"]
[Black "Aguilar, Juan"]
[WhiteFideId "6600522"]
[BlackFideId "3800091"]
[WhiteElo "2378"]
[BlackElo "2383"]
[Result "1-0"]
[Round "04"]
[TimeControl "180+1"]
[Date "2022.10.12"]
[WhiteClock "0:00:12"]
[BlackClock "0:00:11"]

1. d4 Nf6 2. c4 g6 3. Nc3 d5 4. cxd5 Nxd5 5. e4 Nxc3 6. bxc3 Bg7 7. Be3 c5 8. Rc1 Qa5 9. Qd2 cxd4 10. cxd4 Qxd2+ 11. Kxd2 O-O 12. Nf3 e6 13. Bb5 a6 14. Ba4 b5 15. Bb3 Bb7 16. Rc7 Bxe4 17. Ng5 Bxg2 18. Rg1 Bd5 19. Bxd5 exd5 20. h4 h5 21. Nh3 a5 22. Nf4 Na6 23. Rc6 Nb4 24. Rc7 Rfc8 25. Rb7 Rc2+ 26. Kd1 Rxa2 27. Rg3 Rc8 28. Nxg6 Rcc2 29. Rb8+ Kh7 30. Rh8+ Bxh8 31. Nf8# 1-0


[Site "https://www.chess.com"]

[Event "Titled Tuesday Blitz October 11 Early 2022"]
[White "Aldokhin, Ivan"]
[Black "Shipov, Sergei"]
[WhiteFideId "24115720"]
[BlackFideId "4113624"]
[WhiteElo "2313"]
[BlackElo "2772"]
[Result "0-1"]
[Round "04"]
[TimeControl "180+1"]
[Date "2022.10.12"]
[WhiteClock "0:00:02"]
[BlackClock "0:01:49"]

1. e4 e6 2. d4 d5 3. Nc3 Bb4 4. Ne2 Ne7 5. a3 Ba5 6. b4 Bb6 7. e5 a5 8. b5 a4 9. Ng3 c5 10. dxc5 Bxc5 11. Bd3 Nd7 12. Nh5 Bd4 13. Nxg7+ Kf8 14. Nxe6+ fxe6 15. Bh6+ Kf7 16. Qf3+ Nf5 17. Bxf5 Bxc3+ 18. Qxc3 exf5 19. e6+ Kxe6 20. O-O-O Qf6 21. Rhe1+ Kf7 22. Qh3 Nc5 23. Rxd5 Ne4 24. c3 Be6 25. Rd4 Rac8 26. Bd2 Qxd4 27. Qh5+ Ke7 28. Qh4+ Kd7 29. Rxe4 fxe4 0-1


[Site "https://www.chess.com"]

[Event "Titled Tuesday Blitz October 11 Early 2022"]
[White "Alexikov, Alexander"]
[Black "Sailer, Mike"]
[WhiteFideId "14103958"]
[BlackFideId "2012901"]
[WhiteElo "2222"]
[BlackElo "2109"]
[Result "1-0"]
[Round "04"]
[TimeControl "180+1"]
[Date "2022.10.12"]
[WhiteClock "0:00:12"]
[BlackClock "0:00:04"]

1. e4 d5 2. exd5 Qxd5 3. Nc3 Qd6 4. d4 Nf6 5. Bd3 c6 6. Nge2 Bg4 7. f3 Bh5 8. Bf4 Qd8 9. Qd2 e6 10. O-O-O Bd6 11. Rhe1 Bg6 12. Bc4 Qc7 13. Be5 Nbd7 14. Nf4 Bxe5 15. dxe5 Nd5 16. Bxd5 cxd5 17. Nb5 Qb6 18. Qb4 Qc5 19. Qxc5 Nxc5 20. Nc7+ Kd7 21. Nxa8 Rxa8 22. h4 f6 23. Nxg6 hxg6 24. c4 Rc8 25. Kb1 Kc6 26. cxd5+ exd5 27. b4 Na6 28. Rc1+ Kd7 29. e6+ Kd8 30. e7+ Kd7 31. Rxc8 1-0


[Site "https://www.chess.com"]